[ AOE2 MATCH · #463558108 ]
Team RMSicilians vs Lithuanians
[ REPLAY ANALYSIS · EXTRACTED FROM THE RECORDED GAME ]
Feudal
—
Castle
—
Imperial
—
| APM avg | 10.5 |
| APM peak | 36 |
| eAPM avg | 7.3 |
| Villagers / military | 46 / 33 |
Focus
⚔️ 39.6% · 🌾 60.4%
Archer ×13 · Serjeant ×8 · Militia ×6 · Spearman ×6
Feudal
10:57
Castle
14:27
Imperial
29:52
| APM avg | 34.1 |
| APM peak | 88 |
| eAPM avg | 16.6 |
| Villagers / military | 70 / 20 |
Focus
⚔️ 29.7% · 🌾 70.3%
Organ Gun ×10 · Archer ×9 · Monk ×1
Feudal
11:54
Castle
15:24
Imperial
—
| APM avg | 25.3 |
| APM peak | 57 |
| eAPM avg | 13.3 |
| Villagers / military | 73 / 11 |
Focus
⚔️ 12.2% · 🌾 87.8%
Mangonel ×4 · Battering Ram ×4 · Spearman ×3
Feudal
11:22
Castle
14:55
Imperial
32:16
| APM avg | 24.1 |
| APM peak | 65 |
| eAPM avg | 10.8 |
| Villagers / military | 106 / 36 |
Focus
⚔️ 17.4% · 🌾 82.6%
Knight ×34 · Monk ×1 · Scout Cavalry ×1
Feudal
10:53
Castle
27:21
Imperial
—
| APM avg | 13.7 |
| APM peak | 32 |
| eAPM avg | 7.7 |
| Villagers / military | 50 / 18 |
Focus
⚔️ 18.4% · 🌾 81.6%
Steppe Lancer ×8 · Mangudai ×5 · Spearman ×4 · Trade Cart ×2 · Scout Cavalry ×1
Feudal
10:07
Castle
18:29
Imperial
—
| APM avg | 23.4 |
| APM peak | 70 |
| eAPM avg | 13.8 |
| Villagers / military | 89 / 74 |
Focus
⚔️ 33.7% · 🌾 66.3%
Militia ×43 · Scorpion ×17 · Battering Ram ×9 · Spearman ×5
Match map
Initial resources + every placement click. Lines = walls · curves = elevation contours. ◆ gold · ⬟ stone · ● berries · ✦ relic · ◌ wall gap
Your base· ✓ Closed at 22:08 · 0t walls · 2 gate(s)
Merkaria's base· ✓ Closed at 14:27 · 0t walls · 3 gate(s)
Araco33's base· ✓ Closed at 15:24 · 0t walls · 2 gate(s)
BuenaOnda's base· ✓ Closed at 14:55 · 0t walls · 2 gate(s)
Madnessheimdall's base· ✓ Closed at 27:21 · 0t walls · 2 gate(s)
SINAPODO's base· ✓ Closed at 18:29 · 4t walls · 3 gate(s) · fragile
Smoothed initial terrain · ◌ = detected wall gap · hover for details
Inputs per minute
— kurlos2004 - - Merkaria
Build order — kurlos2004
148 actions detected in the replay
| 0:11 | Build | House |
| 0:13 | Create | Villager (Male) |
| 0:13 | Create | Villager (Male) |
| 0:13 | Create | Villager (Male) |
| 0:13 | Create | Villager (Male) |
| 0:17 | Research | Loom |
| 0:17 | Create | Villager (Male) |
| 0:18 | Create | Villager (Male) |
| 0:18 | Create | Villager (Male) |
| 0:18 | Create | Villager (Male) |
| 0:42 | Build | House |
| 0:45 | Build | House |
| 2:05 | Create | Villager (Male) |
| 2:40 | Build | Mill |
| 2:53 | Create | Villager (Male) |
| 2:53 | Create | Villager (Male) |
| 3:06 | Create | Villager (Male) |
| 3:38 | Create | Villager (Male) |
| 4:16 | Create | Villager (Male) |
| 4:53 | Build | Mining Camp |
| 5:05 | Create | Villager (Male) |
| 5:05 | Create | Villager (Male) |
| 5:55 | Create | Villager (Male) |
| 5:55 | Create | Villager (Male) |
| 5:55 | Create | Villager (Male) |
| 6:08 | Build | House |
| 6:31 | Build | Lumber Camp |
| 7:45 | Create | Villager (Male) |
| 7:45 | Create | Villager (Male) |
| 7:45 | Create | Villager (Male) |
| 8:27 | Create | Villager (Male) |
| 9:39 | Build | Farm |
| 9:42 | Build | Farm |
| 9:45 | Build | Farm |
| 9:50 | Build | Farm |
| 9:54 | Build | Farm |
| 10:12 | Build | Farm |
| 10:40 | Research | Feudal Age |
| 10:55 | Build | Farm |
| 11:31 | Build | Donjon |
| 11:48 | Build | Farm |
| 12:53 | Build | House |
| 12:54 | Build | House |
| 12:55 | Build | House |
| 12:56 | Build | House |
| 13:14 | Create | Serjeant |
| 13:14 | Create | Serjeant |
| 13:15 | Create | Serjeant |
| 13:15 | Create | Serjeant |
| 13:15 | Create | Serjeant |
| 13:15 | Create | Serjeant |
| 13:15 | Create | Serjeant |
| 13:16 | Create | Serjeant |
| 13:45 | Build | Archery Range |
| 14:06 | Research | Horse Collar |
| 14:09 | Create | Villager (Male) |
| 14:09 | Create | Villager (Male) |
| 14:10 | Create | Villager (Male) |
| 14:10 | Create | Villager (Male) |
| 14:10 | Create | Villager (Male) |
| 14:43 | Create | Archer |
| 14:43 | Create | Archer |
| 14:43 | Create | Archer |
| 15:08 | Build | Farm |
| 15:16 | Create | Villager (Male) |
| 15:16 | Create | Villager (Male) |
| 15:17 | Create | Villager (Male) |
| 16:01 | Build | Blacksmith |
| 16:25 | Research | Double-Bit Axe |
| 16:35 | Build | House |
| 16:48 | Create | Archer |
| 16:49 | Create | Archer |
| 17:48 | Research | Gold Mining |
| 18:06 | Research | Forging |
| 18:07 | Research | Fletching |
| 18:55 | Build | House |
| 18:56 | Build | House |
| 19:41 | Build | Barracks |
| 19:55 | Research | Wheelbarrow |
| 19:56 | Create | Villager (Male) |
| 19:56 | Create | Villager (Male) |
| 19:56 | Create | Villager (Male) |
| 19:56 | Create | Villager (Male) |
| 19:57 | Create | Villager (Male) |
| 19:57 | Create | Villager (Male) |
| 19:57 | Create | Villager (Male) |
| 20:05 | Research | Scale Mail Armor |
| 20:06 | Research | Padded Archer Armor |
| 21:03 | Research | Arson |
| 21:04 | Research | Man-at-Arms (upgrade) |
| 22:08 | Research | Castle Age |
| 22:31 | Build | House |
| 22:32 | Build | House |
| 22:33 | Build | House |
| 22:39 | Build | Farm |
| 22:44 | Build | Farm |
| 22:47 | Build | Farm |
| 23:40 | Create | Spearman |
| 23:40 | Create | Spearman |
| 23:41 | Create | Spearman |
| 23:41 | Create | Spearman |
| 23:41 | Create | Spearman |
| 23:42 | Create | Spearman |
| 24:00 | Build | Farm |
| 24:19 | Build | Farm |
| 24:29 | Build | House |
| 24:31 | Build | House |
| 24:56 | Research | Crossbowman (upgrade) |
| 25:02 | Research | Long Swordsman (upgrade) |
| 25:03 | Research | Gambesons |
| 25:34 | Research | Squires |
| 25:46 | Build | Farm |
| 25:59 | Build | Siege Workshop |
| 26:25 | Build | University |
| 26:50 | Build | Town Center |
| 28:02 | Build | Monastery |
| 28:50 | Research | Imperial Age |
| 29:10 | Build | Barracks |
| 29:38 | Create | Villager (Male) |
| 29:39 | Create | Villager (Male) |
| 29:39 | Create | Villager (Male) |
| 29:39 | Create | Villager (Male) |
| 29:46 | Research | Bow Saw |
| 30:01 | Research | Gold Shaft Mining |
| 30:22 | Create | Villager (Male) |
| 30:22 | Create | Villager (Male) |
| 30:23 | Create | Villager (Male) |
| 30:23 | Create | Villager (Male) |
| 30:41 | Research | Gambesons |
| 30:52 | Build | Archery Range |
| 31:07 | Research | Squires |
| 31:12 | Create | Militia |
| 31:12 | Create | Militia |
| 31:13 | Create | Militia |
| 31:33 | Research | Heavy Plow |
| 31:55 | Create | Militia |
| 31:56 | Create | Militia |
| 32:16 | Build | Stable |
| 33:11 | Create | Militia |
| 33:13 | Research | Two-Handed Swordsman (upgrade) |
| 33:33 | Create | Archer |
| 33:33 | Create | Archer |
| 33:33 | Create | Archer |
| 33:34 | Create | Archer |
| 33:34 | Create | Archer |
| 33:34 | Create | Archer |
| 33:34 | Create | Archer |
| 33:35 | Create | Archer |
Build order — Merkaria
First 150 of 194 actions detected
| 0:02 | Create | Villager (Male) |
| 0:02 | Create | Villager (Male) |
| 0:02 | Create | Villager (Male) |
| 0:02 | Create | Villager (Male) |
| 0:04 | Build | House |
| 0:06 | Build | House |
| 1:29 | Create | Villager (Male) |
| 2:01 | Build | Mill |
| 2:30 | Create | Villager (Male) |
| 2:30 | Create | Villager (Male) |
| 2:31 | Create | Villager (Male) |
| 3:03 | Create | Villager (Male) |
| 3:07 | Create | Villager (Male) |
| 3:42 | Create | Villager (Male) |
| 3:52 | Create | Villager (Male) |
| 4:18 | Build | House |
| 4:21 | Create | Villager (Male) |
| 4:21 | Create | Villager (Male) |
| 4:51 | Build | House |
| 5:12 | Create | Villager (Male) |
| 5:12 | Create | Villager (Male) |
| 6:09 | Build | Lumber Camp |
| 7:07 | Create | Villager (Male) |
| 7:29 | Create | Villager (Male) |
| 7:53 | Create | Villager (Male) |
| 8:07 | Build | Mining Camp |
| 8:19 | Create | Villager (Male) |
| 8:34 | Research | Feudal Age |
| 9:34 | Create | Villager (Male) |
| 9:47 | Build | House |
| 10:12 | Build | House |
| 10:57 | Age | Feudal Age |
| 10:58 | Build | Market |
| 11:01 | Build | Blacksmith |
| 11:20 | Create | Villager (Male) |
| 11:46 | Research | Castle Age |
| 11:52 | Build | Mining Camp |
| 12:02 | Research | Double-Bit Axe |
| 12:24 | Research | Horse Collar |
| 12:28 | Build | Farm |
| 12:50 | Build | Farm |
| 13:24 | Research | Stone Mining |
| 13:29 | Research | Loom |
| 13:47 | Build | Farm |
| 14:24 | Create | Villager (Male) |
| 14:27 | Age | Castle Age |
| 14:43 | Build | Town Center |
| 14:51 | Create | Villager (Male) |
| 14:59 | Build | Farm |
| 15:02 | Build | Farm |
| 15:42 | Build | Farm |
| 15:44 | Build | Farm |
| 15:47 | Create | Villager (Male) |
| 16:08 | Create | Villager (Male) |
| 16:30 | Create | Villager (Male) |
| 16:49 | Build | Castle |
| 16:54 | Create | Villager (Male) |
| 16:56 | Build | Farm |
| 16:58 | Build | Farm |
| 17:10 | Build | House |
| 17:12 | Build | House |
| 17:26 | Create | Villager (Male) |
| 17:44 | Build | Mining Camp |
| 17:47 | Create | Villager (Male) |
| 17:51 | Create | Organ Gun |
| 18:08 | Build | House |
| 18:10 | Build | House |
| 18:14 | Build | Farm |
| 18:16 | Build | Farm |
| 18:19 | Create | Villager (Male) |
| 18:21 | Create | Villager (Male) |
| 18:22 | Create | Organ Gun |
| 18:45 | Create | Villager (Male) |
| 18:57 | Create | Villager (Male) |
| 19:03 | Build | Monastery |
| 19:20 | Create | Organ Gun |
| 19:53 | Create | Organ Gun |
| 20:23 | Create | Villager (Male) |
| 20:46 | Create | Organ Gun |
| 20:58 | Create | Villager (Male) |
| 20:58 | Create | Villager (Male) |
| 20:59 | Create | Villager (Male) |
| 20:59 | Create | Villager (Male) |
| 20:59 | Create | Villager (Male) |
| 21:03 | Create | Monk |
| 21:07 | Build | Farm |
| 21:12 | Create | Organ Gun |
| 21:46 | Create | Villager (Male) |
| 21:46 | Create | Villager (Male) |
| 22:10 | Create | Organ Gun |
| 22:15 | Research | Wheelbarrow |
| 22:16 | Create | Villager (Male) |
| 22:16 | Create | Villager (Male) |
| 22:17 | Create | Villager (Male) |
| 22:21 | Build | Farm |
| 22:22 | Build | Farm |
| 22:24 | Build | Farm |
| 22:48 | Research | Fervor |
| 22:49 | Create | Villager (Male) |
| 22:50 | Create | Villager (Male) |
| 22:50 | Create | Villager (Male) |
| 22:55 | Research | Heavy Plow |
| 23:04 | Create | Villager (Male) |
| 23:04 | Create | Villager (Male) |
| 23:09 | Build | Lumber Camp |
| 23:17 | Build | House |
| 23:18 | Build | House |
| 23:26 | Create | Organ Gun |
| 23:45 | Research | Fletching |
| 23:45 | Create | Villager (Male) |
| 23:46 | Create | Villager (Male) |
| 23:46 | Create | Villager (Male) |
| 23:51 | Build | Farm |
| 23:53 | Build | Farm |
| 23:59 | Build | Farm |
| 24:02 | Create | Villager (Male) |
| 24:02 | Create | Villager (Male) |
| 24:08 | Build | Farm |
| 24:10 | Build | Farm |
| 24:17 | Build | Farm |
| 24:24 | Create | Organ Gun |
| 24:32 | Build | House |
| 24:35 | Build | House |
| 24:38 | Research | Gold Mining |
| 24:49 | Create | Villager (Male) |
| 24:49 | Create | Villager (Male) |
| 24:51 | Create | Organ Gun |
| 25:28 | Build | Farm |
| 25:29 | Build | Farm |
| 25:31 | Build | Farm |
| 25:40 | Build | Mill |
| 25:41 | Build | Farm |
| 26:01 | Create | Villager (Male) |
| 26:01 | Create | Villager (Male) |
| 26:24 | Build | Farm |
| 26:42 | Research | Imperial Age |
| 27:19 | Create | Villager (Male) |
| 27:20 | Create | Villager (Male) |
| 28:11 | Build | House |
| 28:12 | Build | House |
| 28:13 | Build | House |
| 28:14 | Build | House |
| 28:16 | Build | House |
| 28:17 | Build | House |
| 28:34 | Build | Mill |
| 28:41 | Research | Town Watch |
| 29:02 | Build | Barracks |
| 29:28 | Create | Villager (Male) |
| 29:28 | Create | Villager (Male) |
| 29:30 | Create | Villager (Male) |
Build order — Araco33
First 150 of 164 actions detected
| 0:00 | Create | Villager (Male) |
| 0:01 | Create | Villager (Male) |
| 0:01 | Create | Villager (Male) |
| 0:02 | Create | Villager (Male) |
| 0:02 | Create | Villager (Male) |
| 0:05 | Build | House |
| 0:07 | Build | House |
| 1:28 | Create | Villager (Male) |
| 1:48 | Build | Lumber Camp |
| 2:02 | Create | Villager (Male) |
| 2:22 | Create | Villager (Male) |
| 2:57 | Create | Villager (Male) |
| 3:04 | Build | House |
| 3:43 | Create | Villager (Male) |
| 3:59 | Create | Villager (Male) |
| 4:26 | Create | Villager (Male) |
| 4:41 | Create | Villager (Male) |
| 5:11 | Create | Villager (Male) |
| 5:50 | Create | Villager (Male) |
| 6:01 | Create | Villager (Male) |
| 6:20 | Build | House |
| 6:24 | Create | Villager (Male) |
| 6:42 | Create | Villager (Male) |
| 7:12 | Create | Villager (Male) |
| 7:33 | Build | House |
| 7:42 | Create | Villager (Male) |
| 7:47 | Build | Mill |
| 8:04 | Create | Villager (Male) |
| 8:25 | Create | Villager (Male) |
| 8:59 | Create | Villager (Male) |
| 9:12 | Build | Mining Camp |
| 9:40 | Create | Villager (Male) |
| 9:44 | Research | Feudal Age |
| 11:23 | Build | Barracks |
| 11:54 | Age | Feudal Age |
| 12:01 | Build | Market |
| 12:05 | Build | Blacksmith |
| 12:37 | Build | Mining Camp |
| 12:44 | Research | Castle Age |
| 12:54 | Research | Double-Bit Axe |
| 13:12 | Research | Horse Collar |
| 13:21 | Research | Loom |
| 13:37 | Build | House |
| 14:00 | Build | House |
| 14:13 | Research | Gold Mining |
| 14:45 | Research | Town Watch |
| 15:24 | Age | Castle Age |
| 15:26 | Build | Town Center |
| 15:36 | Research | Squires |
| 16:03 | Build | Farm |
| 16:07 | Build | Farm |
| 16:08 | Build | Farm |
| 16:10 | Build | Farm |
| 16:11 | Build | Farm |
| 16:12 | Build | Farm |
| 16:15 | Build | Farm |
| 16:17 | Build | Farm |
| 16:29 | Create | Villager (Male) |
| 16:39 | Build | Farm |
| 17:14 | Create | Villager (Male) |
| 17:16 | Create | Villager (Male) |
| 17:44 | Build | Stone Wall |
| 17:51 | Build | Stone Wall |
| 18:00 | Build | Siege Workshop |
| 18:08 | Build | Stone Wall |
| 18:35 | Research | Man-at-Arms (upgrade) |
| 18:55 | Create | Mangonel |
| 18:56 | Create | Villager (Male) |
| 18:56 | Create | Villager (Male) |
| 19:15 | Create | Villager (Male) |
| 19:23 | Build | Farm |
| 19:24 | Build | Farm |
| 19:27 | Build | Farm |
| 19:48 | Build | House |
| 20:07 | Build | Palisade Wall |
| 20:21 | Create | Mangonel |
| 20:41 | Create | Mangonel |
| 21:13 | Research | Wheelbarrow |
| 21:30 | Create | Spearman |
| 22:19 | Create | Villager (Male) |
| 22:19 | Create | Villager (Male) |
| 22:20 | Create | Villager (Male) |
| 22:20 | Create | Villager (Male) |
| 22:29 | Build | Farm |
| 22:29 | Build | Farm |
| 22:54 | Build | Stone Wall |
| 23:05 | Build | Stone Wall |
| 23:08 | Create | Villager (Male) |
| 23:09 | Create | Villager (Male) |
| 23:15 | Build | Farm |
| 23:22 | Create | Mangonel |
| 23:55 | Create | Villager (Male) |
| 23:55 | Create | Villager (Male) |
| 23:55 | Create | Villager (Male) |
| 24:08 | Build | Farm |
| 24:09 | Build | Farm |
| 24:14 | Build | Farm |
| 24:14 | Build | Farm |
| 24:24 | Create | Villager (Male) |
| 24:29 | Build | Farm |
| 24:34 | Build | House |
| 24:35 | Build | House |
| 24:45 | Create | Villager (Male) |
| 25:01 | Build | Farm |
| 25:02 | Build | Farm |
| 25:07 | Build | Farm |
| 25:16 | Research | Pikeman (upgrade) |
| 25:37 | Build | Farm |
| 25:43 | Create | Villager (Male) |
| 25:43 | Create | Villager (Male) |
| 26:16 | Create | Villager (Male) |
| 26:17 | Create | Villager (Male) |
| 26:17 | Create | Villager (Male) |
| 26:18 | Create | Villager (Male) |
| 26:30 | Create | Spearman |
| 26:34 | Create | Battering Ram |
| 26:44 | Create | Spearman |
| 27:08 | Build | House |
| 27:13 | Create | Battering Ram |
| 28:30 | Create | Villager (Male) |
| 28:31 | Create | Villager (Male) |
| 28:31 | Create | Villager (Male) |
| 28:31 | Create | Villager (Male) |
| 28:38 | Build | House |
| 28:44 | Build | Mill |
| 28:45 | Build | Farm |
| 28:45 | Build | Farm |
| 28:46 | Build | Farm |
| 28:46 | Build | Farm |
| 28:46 | Build | Farm |
| 28:50 | Research | Heavy Plow |
| 28:52 | Research | Bow Saw |
| 29:01 | Create | Battering Ram |
| 29:25 | Build | Barracks |
| 29:27 | Create | Villager (Male) |
| 29:27 | Create | Villager (Male) |
| 29:28 | Create | Villager (Male) |
| 29:44 | Create | Villager (Male) |
| 29:45 | Create | Villager (Male) |
| 29:49 | Create | Villager (Male) |
| 30:06 | Create | Battering Ram |
| 30:51 | Build | Mining Camp |
| 31:18 | Create | Villager (Male) |
| 31:18 | Create | Villager (Male) |
| 31:19 | Create | Villager (Male) |
| 31:21 | Research | Hand Cart |
| 31:30 | Research | Stone Mining |
| 32:13 | Create | Villager (Male) |
| 32:14 | Create | Villager (Male) |
| 32:14 | Create | Villager (Male) |
Build order — BuenaOnda
First 150 of 230 actions detected
| 0:01 | Create | Villager (Male) |
| 0:01 | Create | Villager (Male) |
| 0:01 | Create | Villager (Male) |
| 0:01 | Create | Villager (Male) |
| 0:01 | Create | Villager (Male) |
| 0:02 | Create | Villager (Male) |
| 0:02 | Create | Villager (Male) |
| 0:04 | Build | House |
| 0:06 | Build | House |
| 1:42 | Create | Villager (Male) |
| 1:42 | Create | Villager (Male) |
| 1:59 | Build | Lumber Camp |
| 2:02 | Create | Villager (Male) |
| 2:02 | Create | Villager (Male) |
| 2:23 | Create | Villager (Male) |
| 2:24 | Create | Villager (Male) |
| 2:24 | Create | Villager (Male) |
| 2:49 | Build | House |
| 2:50 | Build | House |
| 2:53 | Create | Villager (Male) |
| 3:58 | Create | Villager (Male) |
| 3:58 | Create | Villager (Male) |
| 3:58 | Create | Villager (Male) |
| 4:57 | Create | Villager (Male) |
| 4:57 | Create | Villager (Male) |
| 4:57 | Create | Villager (Male) |
| 4:58 | Create | Villager (Male) |
| 4:58 | Create | Villager (Male) |
| 5:20 | Create | Villager (Male) |
| 5:21 | Create | Villager (Male) |
| 5:21 | Create | Villager (Male) |
| 5:21 | Create | Villager (Male) |
| 6:39 | Build | Mill |
| 7:16 | Build | Mining Camp |
| 7:22 | Create | Villager (Male) |
| 7:27 | Build | House |
| 8:13 | Create | Villager (Male) |
| 8:14 | Create | Villager (Male) |
| 8:46 | Research | Feudal Age |
| 9:17 | Create | Villager (Male) |
| 9:18 | Create | Villager (Male) |
| 11:22 | Age | Feudal Age |
| 11:25 | Build | Market |
| 11:31 | Build | Blacksmith |
| 11:42 | Research | Double-Bit Axe |
| 12:15 | Research | Castle Age |
| 12:16 | Research | Castle Age |
| 12:47 | Research | Horse Collar |
| 12:50 | Build | Farm |
| 12:51 | Build | Farm |
| 12:52 | Build | Farm |
| 12:55 | Build | Farm |
| 12:58 | Build | Farm |
| 13:01 | Build | Farm |
| 13:03 | Build | Farm |
| 13:14 | Build | House |
| 14:05 | Research | Gold Mining |
| 14:43 | Create | Villager (Male) |
| 14:55 | Age | Castle Age |
| 14:59 | Build | Town Center |
| 15:15 | Create | Villager (Male) |
| 15:25 | Build | Farm |
| 15:26 | Build | Farm |
| 15:29 | Build | Farm |
| 15:44 | Build | Barracks |
| 15:50 | Create | Villager (Male) |
| 15:50 | Create | Villager (Male) |
| 15:52 | Build | Farm |
| 16:04 | Build | Farm |
| 16:05 | Build | Farm |
| 16:06 | Build | Farm |
| 16:07 | Build | Farm |
| 16:21 | Create | Villager (Male) |
| 16:21 | Create | Villager (Male) |
| 16:44 | Build | Stable |
| 16:56 | Create | Villager (Male) |
| 16:57 | Create | Villager (Male) |
| 16:59 | Build | Farm |
| 17:15 | Create | Villager (Male) |
| 17:15 | Create | Villager (Male) |
| 17:18 | Build | Farm |
| 17:29 | Build | Farm |
| 17:43 | Create | Knight |
| 17:43 | Create | Knight |
| 17:45 | Create | Knight |
| 17:49 | Create | Villager (Male) |
| 18:03 | Build | Monastery |
| 18:13 | Create | Villager (Male) |
| 18:13 | Create | Villager (Male) |
| 18:13 | Create | Villager (Male) |
| 18:19 | Build | House |
| 18:21 | Build | House |
| 18:28 | Research | Bloodlines |
| 18:29 | Create | Knight |
| 18:29 | Create | Knight |
| 18:36 | Build | House |
| 18:37 | Build | House |
| 18:39 | Build | House |
| 18:40 | Build | House |
| 18:49 | Create | Scout Cavalry |
| 19:18 | Build | Farm |
| 19:19 | Create | Villager (Male) |
| 19:19 | Create | Villager (Male) |
| 19:20 | Create | Villager (Male) |
| 19:20 | Create | Villager (Male) |
| 19:24 | Create | Monk |
| 19:40 | Build | Farm |
| 19:41 | Build | Farm |
| 19:50 | Create | Knight |
| 19:54 | Research | Scale Barding Armor |
| 19:57 | Build | Farm |
| 20:43 | Build | Town Center |
| 20:46 | Create | Villager (Male) |
| 20:46 | Create | Villager (Male) |
| 20:46 | Create | Villager (Male) |
| 20:49 | Build | Farm |
| 21:28 | Create | Knight |
| 21:28 | Create | Knight |
| 21:32 | Create | Villager (Male) ×5 |
| 21:43 | Create | Villager (Male) |
| 21:53 | Build | Farm |
| 21:55 | Create | Villager (Male) |
| 22:05 | Research | Forging |
| 22:33 | Build | Mining Camp |
| 22:35 | Create | Villager (Male) |
| 22:36 | Create | Villager (Male) |
| 22:53 | Research | Bow Saw |
| 22:58 | Build | Farm |
| 23:00 | Create | Knight |
| 23:01 | Create | Knight |
| 23:27 | Build | Farm |
| 23:27 | Build | Farm |
| 23:39 | Create | Villager (Male) ×5 |
| 23:41 | Create | Villager (Male) |
| 23:41 | Create | Villager (Male) |
| 24:05 | Create | Villager (Male) ×5 |
| 24:26 | Create | Villager (Male) |
| 24:26 | Create | Villager (Male) |
| 24:29 | Build | Farm |
| 24:32 | Build | Farm |
| 24:33 | Build | Farm |
| 24:38 | Research | Heavy Plow |
| 24:41 | Create | Villager (Male) |
| 24:42 | Create | Villager (Male) |
| 24:45 | Build | Farm |
| 25:09 | Build | House |
| 25:10 | Build | House |
| 25:12 | Build | House |
| 25:19 | Create | Villager (Male) |
| 25:19 | Create | Villager (Male) |
Build order — Madnessheimdall
131 actions detected in the replay
| 0:01 | Create | Villager (Male) |
| 0:01 | Create | Villager (Male) |
| 0:02 | Create | Villager (Male) |
| 0:02 | Create | Villager (Male) |
| 0:06 | Build | House |
| 0:08 | Build | House |
| 1:10 | Build | House |
| 1:35 | Build | Mill |
| 2:00 | Create | Villager (Male) |
| 2:01 | Create | Villager (Male) |
| 2:01 | Create | Villager (Male) |
| 2:33 | Create | Villager (Male) |
| 3:09 | Create | Villager (Male) |
| 3:22 | Create | Villager (Male) |
| 3:44 | Create | Villager (Male) |
| 3:59 | Create | Villager (Male) |
| 4:07 | Research | Loom |
| 4:32 | Create | Villager (Male) |
| 4:54 | Create | Villager (Male) |
| 6:14 | Create | Villager (Male) |
| 6:16 | Create | Villager (Male) |
| 6:39 | Build | House |
| 7:30 | Create | Villager (Male) |
| 7:46 | Build | Lumber Camp |
| 7:53 | Create | Villager (Male) |
| 8:13 | Create | Villager (Male) |
| 8:39 | Research | Feudal Age |
| 8:50 | Build | House |
| 8:54 | Build | House |
| 8:57 | Build | House |
| 9:04 | Create | Villager (Male) |
| 9:56 | Build | Barracks |
| 10:18 | Build | Farm |
| 10:25 | Build | Farm |
| 10:53 | Age | Feudal Age |
| 11:02 | Create | Villager (Male) |
| 11:12 | Research | Horse Collar |
| 11:53 | Research | Double-Bit Axe |
| 12:10 | Build | Farm |
| 12:31 | Research | Wheelbarrow |
| 12:38 | Build | Farm |
| 12:45 | Build | Farm |
| 12:56 | Build | Farm |
| 13:32 | Create | Villager (Male) |
| 14:09 | Build | Mining Camp |
| 14:15 | Build | Market |
| 14:22 | Build | Blacksmith |
| 14:34 | Create | Villager (Male) |
| 14:34 | Create | Villager (Male) |
| 15:08 | Create | Villager (Male) |
| 15:09 | Create | Villager (Male) |
| 15:52 | Build | Farm |
| 16:19 | Create | Trade Cart |
| 16:19 | Create | Trade Cart |
| 16:42 | Create | Villager (Male) |
| 16:42 | Create | Villager (Male) |
| 16:49 | Create | Villager (Male) |
| 16:49 | Create | Villager (Male) |
| 17:11 | Build | Farm |
| 17:44 | Build | Stable |
| 18:00 | Build | Mining Camp |
| 18:06 | Create | Villager (Male) |
| 18:23 | Create | Villager (Male) |
| 19:02 | Research | Gold Mining |
| 19:15 | Research | Stone Mining |
| 19:19 | Create | Villager (Male) |
| 19:19 | Create | Villager (Male) |
| 19:36 | Research | Bloodlines |
| 19:40 | Create | Spearman |
| 19:40 | Create | Spearman |
| 19:43 | Create | Spearman |
| 19:44 | Create | Spearman |
| 19:58 | Build | Farm |
| 20:00 | Create | Villager (Male) |
| 20:00 | Create | Villager (Male) |
| 20:18 | Build | Farm |
| 20:34 | Build | House |
| 20:35 | Build | House |
| 20:38 | Build | House |
| 20:40 | Build | House |
| 21:10 | Create | Villager (Male) |
| 21:11 | Create | Villager (Male) |
| 21:27 | Create | Scout Cavalry |
| 21:37 | Create | Villager (Male) |
| 21:43 | Build | Farm |
| 22:08 | Research | Arson |
| 22:17 | Build | Farm |
| 23:00 | Build | Farm |
| 23:10 | Build | House |
| 23:12 | Build | House |
| 23:15 | Build | House |
| 24:41 | Research | Castle Age |
| 25:29 | Build | Stable |
| 25:35 | Build | Stable |
| 25:38 | Create | Villager (Male) |
| 25:39 | Create | Villager (Male) |
| 25:47 | Build | Stable |
| 26:38 | Create | Villager (Male) |
| 26:39 | Create | Villager (Male) |
| 27:21 | Age | Castle Age |
| 27:31 | Create | Steppe Lancer |
| 27:32 | Create | Steppe Lancer |
| 27:32 | Create | Steppe Lancer |
| 27:32 | Create | Steppe Lancer |
| 27:33 | Create | Steppe Lancer |
| 27:33 | Create | Steppe Lancer |
| 27:33 | Create | Steppe Lancer |
| 27:33 | Create | Steppe Lancer |
| 28:19 | Build | Castle |
| 29:02 | Build | Stone Wall |
| 29:46 | Build | Stone Wall |
| 30:02 | Build | Gate |
| 30:09 | Build | Stone Wall |
| 30:29 | Build | Town Center |
| 30:42 | Create | Mangudai |
| 30:43 | Create | Mangudai |
| 30:44 | Create | Mangudai |
| 30:44 | Create | Mangudai |
| 30:45 | Create | Mangudai |
| 32:09 | Create | Villager (Male) |
| 32:09 | Create | Villager (Male) |
| 32:10 | Create | Villager (Male) |
| 32:10 | Create | Villager (Male) |
| 32:10 | Create | Villager (Male) |
| 32:10 | Create | Villager (Male) |
| 32:10 | Create | Villager (Male) |
| 32:36 | Build | Mill |
| 33:41 | Build | Stone Wall |
| 33:56 | Build | Stone Wall |
| 34:19 | Build | Stone Wall |
| 34:31 | Build | House |
Build order — SINAPODO
First 150 of 254 actions detected
| 0:02 | Create | Villager (Male) |
| 0:02 | Create | Villager (Male) |
| 0:03 | Create | Villager (Male) |
| 0:03 | Create | Villager (Male) |
| 0:05 | Build | House |
| 0:07 | Build | House |
| 1:23 | Create | Villager (Male) |
| 1:24 | Create | Villager (Male) |
| 1:46 | Build | House |
| 1:47 | Build | House |
| 1:52 | Create | Villager (Male) |
| 1:52 | Create | Villager (Male) |
| 1:52 | Create | Villager (Male) |
| 1:53 | Create | Villager (Male) |
| 2:15 | Create | Villager (Male) |
| 2:15 | Create | Villager (Male) |
| 2:15 | Create | Villager (Male) |
| 2:46 | Create | Villager (Male) |
| 2:46 | Create | Villager (Male) |
| 2:59 | Build | Lumber Camp |
| 3:09 | Create | Villager (Male) |
| 3:09 | Create | Villager (Male) |
| 3:09 | Create | Villager (Male) |
| 3:46 | Create | Villager (Male) |
| 3:47 | Create | Villager (Male) |
| 3:47 | Create | Villager (Male) |
| 3:57 | Create | Villager (Male) |
| 3:57 | Create | Villager (Male) |
| 3:57 | Create | Villager (Male) |
| 3:58 | Create | Villager (Male) |
| 4:12 | Create | Villager (Male) |
| 4:12 | Create | Villager (Male) |
| 4:12 | Create | Villager (Male) |
| 4:12 | Create | Villager (Male) |
| 4:47 | Create | Villager (Male) |
| 4:47 | Create | Villager (Male) |
| 4:47 | Create | Villager (Male) |
| 4:47 | Create | Villager (Male) |
| 5:25 | Build | Mill |
| 5:29 | Create | Villager (Male) |
| 5:30 | Create | Villager (Male) |
| 5:30 | Create | Villager (Male) |
| 5:30 | Create | Villager (Male) |
| 5:30 | Create | Villager (Male) |
| 6:11 | Create | Villager (Male) |
| 6:31 | Create | Villager (Male) |
| 7:21 | Create | Villager (Male) |
| 7:45 | Research | Feudal Age |
| 8:55 | Build | Mining Camp |
| 9:09 | Create | Villager (Male) |
| 9:10 | Create | Villager (Male) |
| 9:17 | Build | House |
| 9:21 | Build | House |
| 9:23 | Build | House |
| 9:32 | Build | House |
| 10:07 | Age | Feudal Age |
| 10:11 | Create | Villager (Male) |
| 10:15 | Research | Double-Bit Axe |
| 10:17 | Research | Horse Collar |
| 10:37 | Build | Farm |
| 10:37 | Build | Farm |
| 10:37 | Build | Farm |
| 10:38 | Build | Farm |
| 10:44 | Build | Farm |
| 10:46 | Build | Farm |
| 10:57 | Create | Villager (Male) |
| 10:58 | Create | Villager (Male) |
| 11:08 | Build | Market |
| 11:29 | Create | Villager (Male) |
| 11:29 | Create | Villager (Male) |
| 11:41 | Build | Blacksmith |
| 12:01 | Create | Villager (Male) |
| 12:49 | Build | Farm |
| 12:49 | Build | Farm |
| 12:50 | Build | Farm |
| 12:50 | Build | Farm |
| 12:51 | Build | Farm |
| 12:59 | Create | Villager (Male) |
| 13:20 | Build | Barracks |
| 13:46 | Create | Villager (Male) |
| 14:21 | Build | Watch Tower |
| 14:28 | Create | Villager (Male) |
| 14:29 | Create | Villager (Male) |
| 14:45 | Build | Farm |
| 14:45 | Build | Farm |
| 14:46 | Build | Farm |
| 15:08 | Build | Stone Wall |
| 15:09 | Build | Stone Wall |
| 15:10 | Build | Stone Wall |
| 15:11 | Build | Stone Wall |
| 15:24 | Create | Villager (Male) |
| 15:44 | Research | Castle Age |
| 16:37 | Build | Barracks |
| 17:00 | Build | House |
| 17:13 | Create | Villager (Male) |
| 17:13 | Create | Villager (Male) |
| 17:18 | Research | Man-at-Arms (upgrade) |
| 17:38 | Build | House |
| 17:43 | Build | House |
| 17:44 | Build | House |
| 17:46 | Build | House |
| 17:48 | Build | House |
| 17:57 | Create | Militia |
| 17:57 | Create | Militia |
| 17:57 | Create | Militia |
| 18:01 | Research | Arson |
| 18:29 | Age | Castle Age |
| 18:31 | Build | Siege Workshop |
| 18:39 | Build | Stone Wall |
| 18:44 | Build | Stone Wall |
| 18:46 | Build | Stone Wall |
| 18:55 | Create | Battering Ram |
| 18:55 | Create | Battering Ram |
| 19:07 | Research | Long Swordsman (upgrade) |
| 19:07 | Create | Militia |
| 19:07 | Create | Militia |
| 19:07 | Create | Militia |
| 19:08 | Create | Militia |
| 19:08 | Create | Militia |
| 19:08 | Create | Militia |
| 19:08 | Create | Militia |
| 19:09 | Create | Militia |
| 19:17 | Create | Villager (Male) |
| 19:17 | Create | Villager (Male) |
| 19:49 | Create | Scorpion |
| 19:54 | Research | Gambesons |
| 20:01 | Research | Fletching |
| 20:06 | Create | Villager (Male) |
| 20:06 | Create | Villager (Male) |
| 20:06 | Create | Villager (Male) |
| 20:41 | Create | Battering Ram |
| 20:43 | Create | Villager (Male) |
| 20:43 | Create | Villager (Male) |
| 20:52 | Create | Battering Ram |
| 20:55 | Create | Militia |
| 20:55 | Create | Militia |
| 20:55 | Create | Militia |
| 20:55 | Create | Militia |
| 20:55 | Create | Militia |
| 21:17 | Build | Stone Wall |
| 21:22 | Create | Villager (Male) |
| 21:22 | Create | Villager (Male) |
| 21:26 | Create | Battering Ram |
| 21:31 | Create | Scorpion |
| 21:32 | Create | Scorpion |
| 21:41 | Create | Villager (Male) |
| 21:54 | Research | Scale Mail Armor |
| 22:09 | Create | Villager (Male) |
| 22:20 | Create | Scorpion |
| 22:20 | Create | Scorpion |
Match timeline
| 9:56 | Madnessheimdall · first_building Barracks |
| 10:07 | SINAPODO · age_up feudal |
| 10:53 | Madnessheimdall · age_up feudal |
| 10:57 | Merkaria · age_up feudal |
| 11:22 | BuenaOnda · age_up feudal |
| 11:23 | Araco33 · first_building Barracks |
| 11:31 | kurlos2004 · first_building Donjon |
| 11:54 | Araco33 · age_up feudal |
| 12:25 | SINAPODO · first_market_sell 100 stone |
| 13:20 | SINAPODO · first_building Barracks |
| 13:42 | SINAPODO · first_market_buy 100 stone |
| 13:45 | kurlos2004 · first_building Archery Range |
| 14:27 | Merkaria · age_up castle |
| 14:55 | BuenaOnda · age_up castle |
| 15:08 | SINAPODO · wall_segment Stone Wall x1 |
| 15:09 | SINAPODO · wall_segment Stone Wall x1 |
| 15:10 | SINAPODO · wall_segment Stone Wall x1 |
| 15:11 | SINAPODO · wall_segment Stone Wall x1 |
| 15:24 | Araco33 · age_up castle |
| 15:44 | BuenaOnda · first_building Barracks |
| 16:44 | BuenaOnda · first_building Stable |
| 16:45 | Araco33 · first_market_buy 100 food |
| 16:49 | Merkaria · first_building Castle |
| 17:44 | Araco33 · wall_segment Stone Wall x5 |
| 17:44 | Madnessheimdall · first_building Stable |
| 17:51 | Araco33 · wall_segment Stone Wall x5 |
| 18:00 | Araco33 · first_building Siege Workshop |
| 18:03 | BuenaOnda · first_building Monastery |
| 18:08 | Araco33 · wall_segment Stone Wall x6 |
| 18:29 | SINAPODO · age_up castle |
| 18:31 | SINAPODO · first_building Siege Workshop |
| 18:39 | SINAPODO · wall_segment Stone Wall x1 |
| 18:44 | SINAPODO · wall_segment Stone Wall x1 |
| 18:46 | SINAPODO · wall_segment Stone Wall x1 |
| 19:03 | Merkaria · first_building Monastery |
| 19:41 | kurlos2004 · first_building Barracks |
| 20:07 | Araco33 · wall_segment Palisade Wall x1 |
| 21:17 | SINAPODO · wall_segment Stone Wall x1 |
| 22:54 | Merkaria · first_market_buy 100 food |
| 22:54 | Araco33 · wall_segment Stone Wall x1 |
| 23:05 | Araco33 · wall_segment Stone Wall x1 |
| 25:59 | kurlos2004 · first_building Siege Workshop |
| 26:09 | Merkaria · first_market_sell 100 wood |
| 27:21 | Madnessheimdall · age_up castle |
| 28:02 | kurlos2004 · first_building Monastery |
| 28:19 | Madnessheimdall · first_building Castle |
| 29:02 | Merkaria · first_building Barracks |
| 29:02 | Madnessheimdall · wall_segment Stone Wall x4 |
| 29:46 | Madnessheimdall · wall_segment Stone Wall x9 |
| 29:52 | Merkaria · age_up imperial |
| 30:09 | Madnessheimdall · wall_segment Stone Wall x7 |
| 30:09 | Merkaria · first_building Archery Range |
| 30:47 | BuenaOnda · first_building Castle |
| 32:16 | BuenaOnda · age_up imperial |
| 32:16 | kurlos2004 · first_building Stable |
| 33:41 | Madnessheimdall · wall_segment Stone Wall x10 |
| 33:56 | Madnessheimdall · wall_segment Stone Wall x3 |
| 34:19 | Madnessheimdall · wall_segment Stone Wall x2 |
| 34:23 | Araco33 · first_market_sell 100 food |
| 34:35 | Araco33 · first_building Castle |
| 34:41 | kurlos2004 · resign |
[ AI ANALYSIS · 1 CREDIT ]
What really happened in this match?
Wolo.gg analyzes every decision: build order, eco, micro, common mistakes by bracket. Personalized analysis on WhatsApp or Discord in 30 seconds.
Civ guide
Sicilians
Map guide
Arena
Perfil
Jugador #2082120